Map: Terrasses de Prion

Players

Heisenberg

  • Race: Terran Terran
  • League: Diamond

Worming - Winner!

  • Race: Zerg Zerg
  • League: Diamond

VOD

Have the link to the VOD?

Description

Time

  • Played on: Dec. 17, 2015, 1:28 p.m.
  • Length: 10:05
Show
View Real Time Build Order
Export as new Build Order

Heisenberg Terran 

Build Orders: Hellion Opening, Reaper Expand, MMM Bio 

Get SALT Encoding   

  12  0:01  SCV  
  13  0:13  SCV  
  14  0:18  Supply Depot  
  14  0:25  SCV  
  14  0:27  Refinery  
  15  0:39  SCV  
  16  0:45  Barracks  
  16  0:51  SCV  
  17  1:04  SCV  
  18  1:16  SCV  
  19  1:32  Orbital Command  
  19  1:33  Reaper  
  20  1:45  Command Center  
  20  1:55  Supply Depot  
  20  1:58  SCV  
  21  2:05  Factory  
  21  2:08  Barracks Reactor  
  21  2:11  SCV  
  22  2:18  Refinery  
  22  2:23  SCV  
  23  2:36  SCV  
  24  2:48  SCV  
  25  2:55  Starport  
  25  2:57  Hellion x2  
  29  3:00  SCV, Marine  
  29  3:03  Orbital Command  
  31  3:12  SCV  
  32  3:21  Hellion x2  
  32  3:24  SCV, Marine  
  38  3:32  Supply Depot  
  38  3:36  SCV  
  39  3:42  SCV  
  39  3:45  Hellion x2  
  44  3:49  Medivac, Armory  
  44  3:54  SCV  
  47  3:56  Supply Depot  
  47  3:57  Marine  
  48  4:15  Hellion x2, SCV  
  48  4:16  Marine  
  53  4:30  SCV  
  54  4:40  SCV  
  55  4:48  Hellion x2, SCV  
  60  4:54  SCV  
  59  5:06  SCV  
  59  5:12  Barracks Tech Lab  
  56  5:21  Barracks  
  56  5:22  Starport Reactor, Barracks  
  56  5:23  Command Center  
  56  5:27  SCV  
  53  5:32  Bunker  
  53  5:34  Supply Depot  
  53  5:35  Supply Depot  
  53  5:37  SCV  
  53  5:38  Marauder  
  53  5:40  Stimpack  
  56  5:45  Barracks x2  
  56  5:46  SCV  
  56  5:49  Factory Reactor, Barracks, SCV  
  58  6:09  SCV  
  59  6:12  Refinery x2  
  59  6:13  SCV  
  59  6:16  Barracks Reactor  
  60  6:19  Barracks Reactor  
  60  6:21  Engineering Bay  
  60  6:24  Engineering Bay  
  60  6:26  Medivac  
  60  6:32  SCV  
  63  6:36  Barracks Reactor  
  63  6:37  Barracks Reactor  
  63  6:51  SCV  
  63  6:52  Orbital Command  
  63  6:53  Missile Turret, Marine x3  
  65  6:57  Terran Infantry Weapons Level 1, Terran Infantry Armor Level 1  
  65  7:00  SCV  
  64  7:03  Barracks  
  64  7:05  Factory Reactor  
  55  7:11  Marine x4  
  55  7:12  Marauder  
  53  7:15  SCV  
  53  7:17  Orbital Command  
  53  7:20  Marine x2  
  53  7:21  Marine  
  53  7:28  Marine  
  53  7:29  Marine x3  
  56  7:30  Marine  
  56  7:33  Marauder  
  57  7:38  Marine  
  58  7:49  Marine x3  
  60  8:07  Orbital Command  
  52  8:15  Marauder  
  53  8:21  Marine  
  53  8:22  Marine x2  
  53  8:23  Marine x4  
  53  8:24  Marine  
  53  8:25  Medivac  
  52  8:27  Medivac  
  48  8:35  Orbital Command  
  46  8:42  Combat Shields  
  46  9:12  Supply Depot  
  46  9:15  Supply Depot  
  46  9:20  Marine x2  
  45  9:25  Marine x2  
  45  9:26  Marine  
  45  9:27  Marine  
  45  9:30  Marine x2  
  45  9:34  Marauder  
  45  9:38  Marine x2  
  44  9:43  Marine x2  
  44  9:44  Marine  
  44  9:45  SCV x2, Marine  
Show
View Real Time Build Order
Export as new Build Order

Worming Zerg - Winner!

Build Orders: Hatch First 

Get SALT Encoding   

  12  0:01  Drone  
  13  0:12  Overlord  
  13  0:17  Drone  
  14  0:30  Drone x2  
  16  0:40  Drone  
  17  0:52  Hatchery  
  17  0:55  Drone  
  17  1:00  Drone  
  18  1:06  Drone  
  19  1:14  Extractor  
  19  1:18  Spawning Pool  
  17  1:20  Drone  
  18  1:31  Drone  
  19  1:38  Drone  
  20  1:49  Overlord  
  20  2:01  Drone  
  20  2:05  Queen  
  20  2:06  Queen, Zergling x2  
  26  2:21  Drone x2  
  28  2:29  Metabolic Boost  
  28  2:36  Zergling x2  
  28  2:38  Drone x3  
  28  2:42  Extractor  
  30  2:47  Drone  
  30  2:48  Drone  
  32  2:55  Overlord  
  33  3:03  Zergling x2  
  33  3:05  Overlord  
  34  3:12  Zergling x2  
  35  3:17  Extractor  
  33  3:25  Queen  
  35  3:33  Hatchery  
  35  3:38  Queen  
  36  3:42  Drone x6  
  36  3:43  Extractor  
  41  3:50  Roach Warren, Spine Crawler  
  41  3:55  Zergling x10  
  43  4:24  Overlord  
  43  4:30  Roach x4  
  51  4:32  Zergling x2  
  52  4:42  Overlord x2  
  52  4:46  Roach x3  
  54  5:00  Roach x4  
  52  5:08  Extractor  
  52  5:09  Drone  
  52  5:11  Evolution Chamber, Roach x2  
  55  5:33  Drone x7  
  62  5:38  Lair, Zerg Missile Weapons Level 1  
  62  5:49  Hatchery  
  61  5:52  Drone x5  
  66  6:11  Drone x2  
  68  6:19  Spore Crawler  
  67  6:28  Zergling x4  
  67  6:30  Ravager x6  
  75  6:36  Drone  
  75  6:37  Overlord x2  
  75  6:39  Overlord  
  69  7:12  Zergling x18, Roach  
  69  7:13  Zergling x4  
  80  7:30  Drone x4  
  80  7:31  Drone x6  
  90  7:42  Zerg Missile Weapons Level 2  
  90  7:46  Drone x3  
  90  7:48  Hydralisk Den  
  90  7:49  Extractor  
  80  8:17  Zergling x14  
  86  8:20  Lurker Den  
  86  8:23  Zergling x2  
  86  8:24  Zergling x12  
  75  8:38  Roach  
  75  8:39  Roach x3  
  83  8:55  Overlord x2, Hydralisk x2  
  83  8:56  Zergling x2  
  83  8:57  Zergling x2, Roach x4  
  83  9:02  Drone x2  
  99  9:12  Extractor  
  90  9:35  Hydralisk x3  
  90  9:36  Zergling x14  
  98  9:41  Ravager  
  98  9:43  Ravager x3  
  99  9:46  Drone x3  
  99  9:48  Extractor  
  94  10:03  Lurker x2  
Tags
 
Add a new tag
Caveats
  • Supply blocks, unpowered buildings, or Contaminate may cause inaccurate times.
  • Supply counts are checked every 10 seconds.